cohdb
Replays
Latest Replays
All Replays
Popular Replays
Top Player Replays
Match Explorer
How It Works
Community
CoH3 Stats
Reddit
Sign in to upload your games and track your stats! →
Sign in with Steam
Match 40240065
Unlisted
Match 40240065
Overview
Messages
Build Orders
End
Pioneer Squad
Construct Infanterie Kompanie
Selects Terror Battlegroup
Selects Machine Gun Camouflage
Grenadier Squad
MG 42 Machine Gun Team
Grenadier Squad
Infanterie Officer Quarters
Selects Interrogate
Construct Panzergrenadier Kompanie
Panzergrenadier Squad
MoronPark-四海云水怒
Doge
N7 SHARK
Turtleboy
0
0
Comments
sign in to comment!
No comments posted yet!